 Dungeon Crawl Stone Soup version 0.17-a0-986-gf45d1aa (webtiles) character file.

3698 krabocopter the Fencer (level 9, 0/105 HPs)
             Began as a Minotaur Fighter on May 11, 2015.
             Was an Initiate of Ru.
             Incinerated by oplop's ghost (1 damage)
             ... with a sticky flame
             ... on level 8 of the Dungeon.
             The game lasted 00:29:33 (7199 turns).

krabocopter the Fencer (Minotaur Fighter)           Turns: 7199, Time: 00:29:34

Health: 0/105      AC:  9    Str: 26    XL:     9   Next: 91%
Magic:  8/8        EV: 12    Int:  5    God:    Ru [......]
Gold:   436        SH: 10    Dex: 13    Spells: 0 memorised, 8 levels left

rFire  . . .     SeeInvis .     C - +0 falchion (elec)
rCold  . . .     Clarity  .     b - +0 scale mail
rNeg   . . .     SustAb   .     c - +0 shield
rPois  .         Gourm    .     (helmet restricted)
rElec  .         Spirit   .     p - +1 cloak
rCorr  +         Warding  .     (no gloves)
rMut   .         Stasis   .     (no boots)
MR     .....                    n - amulet of resist corrosion
Stlth  ..........               (no ring)
                                M - +5 ring of evasion

@: berserking, liquid flames, very slightly contaminated, hasted, glowing, very
quick, not resistant to hostile enchantments, extremely unstealthy
A: retaliatory headbutt, horns 2
a: Renounce Religion


You were on level 8 of the Dungeon.
You worshipped Ru.
Ru was noncommittal.
You were not hungry.

You visited 2 branches of the dungeon, and saw 9 of its levels.
You also visited: Sewer.

You collected 436 gold pieces.

Inventory:

Hand weapons
 d - a +1 rapier of holy wrath
 C - a +0 falchion of electrocution (weapon)
Missiles
 m - 162 stones (quivered)
Armour
 b - a +0 scale mail (worn)
 c - a +0 shield (worn)
 p - a +1 cloak (worn)
Jewellery
 n - an amulet of resist corrosion (around neck)
 M - a +5 ring of evasion (left hand)
Magical devices
 w - a wand of slowing (39)
 J - a wand of flame (14)
 L - a wand of paralysis (16)
Scrolls
 f - 5 scrolls of teleportation
 g - 4 scrolls of identify
 j - 3 scrolls of remove curse
 k - 3 scrolls of enchant armour
 l - 3 scrolls of fear {unknown}
 x - a scroll of blinking
 y - 4 scrolls of fog
 z - a scroll of magic mapping {unknown}
 A - 2 scrolls of recharging {unknown}
 G - a scroll of enchant weapon {unknown}
Potions
 h - a potion of heal wounds {unknown}
 i - a potion of poison
 o - a potion of haste
 r - 3 potions of magic
 t - a potion of cure mutation
 u - a potion of brilliance {unknown}
 v - 3 potions of curing
 E - a potion of degeneration {unknown}
 F - a potion of berserk rage
 H - 2 potions of flight {unknown}
Books
 B - a book of Frost

   Spells                             Type                      Level
   a - Freeze                         Ice                          1
   b - Throw Frost                    Conjuration/Ice              2
   c - Ozocubu's Armour               Charms/Ice                   3
   d - Throw Icicle                   Conjuration/Ice              4
   e - Summon Ice Beast               Ice/Summoning                4
   f - Condensation Shield            Ice                          4
 I - a book of Burglary

   Spells                             Type                      Level
   a - Swiftness                      Charms/Air                   2
   b - Passwall                       Transmutation/Earth          3
   c - Passage of Golubria            Translocation                4
   d - Lee's Rapid Deconstruction     Earth                        5
   e - Invisibility                   Hexes                        6
   f - Darkness                       Hexes                        7
Comestibles
 e - 4 bread rations
 q - 3 meat rations
 s - a royal jelly


   Skills:
 - Level 3.6 Fighting
 + Level 16.0 Long Blades
 - Level 3.6 Armour
 - Level 3.6 Shields


You had 8 spell levels left.
You didn't know any spells.

Dungeon Overview and Level Annotations

Branches:
Dungeon (8/15)             Temple (1/1) D:7
   Lair: D:8-11

Altars:
Ashenzari
Cheibriados
Dithmenos
Fedhas
Gozag
Kikubaaqudgha
Makhleb
Nemelex Xobeh
Okawaru
Qazlal
Ru
Sif Muna
Trog
Vehumet
Xom
Yredelemnul
Zin
The Shining One

Shops:
D:5 (   D:6 *

Annotations:
D:8 oplop's ghost, experienced TeFE


Innate Abilities, Weirdness & Mutations

You reflexively headbutt those who attack you in melee.
You have a pair of horns on your head.


Message History

You are covered in liquid flames!
* * * LOW HITPOINT WARNING * * *
The giant frog closely misses you. The centaur closely misses you.
You furiously retaliate!
You headbutt the centaur.
Oplop's ghost sprays you with burning goo.
The sticky flame hits you!
You are covered in liquid flames!
* * * LOW HITPOINT WARNING * * *
A centaur zombie comes into view.
You hit oplop's ghost. Your headbutt misses oplop's ghost.
Oplop's ghost is severely damaged.
You are covered in liquid flames!
* * * LOW HITPOINT WARNING * * *
The giant frog hits you but does no damage.
The centaur hits you.
* * * LOW HITPOINT WARNING * * *
You closely miss oplop's ghost. Your headbutt misses oplop's ghost.
Oplop's ghost is severely damaged.
You are covered in liquid flames!
You die...

.........
#......(...
#..........
#....#..... ##
##.......... ..
##..# ..!....
#.###.#W..##.#.....
Z.....F@...÷.......
......c..<.(.......
..(......÷#..##....
............## ...
............# .
............#
........##...
#####...###... ....
####.


You could see a giant frog, a centaur, oplop's ghost and a centaur zombie.

Vanquished Creatures
  Joseph (D:7)
  Prince Ribbit (D:7)
  The ghost of asdu the Cudgeler, an average DsWn (D:4)
  A hippogriff (D:8)
  A wyvern (D:8)
  Menkaure (D:7)
  Duvessa (D:7)
  A water moccasin (D:7)
  2 sky beasts (D:7)
  A phantom (D:4)
  An ogre (D:7)
  3 centaurs
  Blork the orc (D:5)
  A big kobold (D:7)
  6 giant frogs
  Dowan (D:7)
  3 killer bees (D:7)
  A scorpion (D:4)
  5 wights (D:6)
  A crimson imp (D:5)
  3 hounds
  A giant frog skeleton (D:5)
  Crazy Yiuf (D:2)
  A jelly (D:7)
  An orc priest (D:7)
  Terence (D:2)
  4 iguanas
  3 orc wizards
  3 worker ants (D:4)
  2 hound zombies
  Robin (D:4)
  11 adders
  2 river rats
  4 gnolls (D:4)
  2 shadow imps
  6 oozes
  An adder skeleton (D:4)
  An adder zombie (D:5)
  2 worms
  4 giant geckos
  18 orcs
  10 bats
  A bat skeleton (D:7)
  4 giant cockroaches
  22 goblins
  15 hobgoblins
  17 ball pythons
  9 giant newts
  11 jackals
  2 jackal skeletons
  18 kobolds
  A quokka (D:4)
  34 rats
250 creatures vanquished.

Notes
Turn   | Place    | Note
--------------------------------------------------------------
     0 | D:1      | krabocopter the Minotaur Fighter began the quest for the Orb.
     0 | D:1      | Reached XP level 1. HP: 19/19 MP: 0/0
   249 | D:1      | Reached XP level 2. HP: 26/26 MP: 1/1
   640 | D:1      | Reached skill level 4 in Long Blades
   688 | D:2      | Reached XP level 3. HP: 23/31 MP: 2/2
   716 | D:2      | Found a shimmering altar of Xom.
   934 | D:2      | Reached skill level 5 in Long Blades
  1028 | D:2      | Reached XP level 4. HP: 39/39 MP: 3/3
  1077 | D:2      | Noticed Terence
  1100 | D:2      | Noticed Crazy Yiuf
  1107 | D:2      | Killed Crazy Yiuf
  1352 | D:2      | Killed Terence
  1352 | D:2      | Reached skill level 6 in Long Blades
  1407 | D:2      | Reached XP level 5. HP: 45/45 MP: 4/4
  1553 | D:3      | Reached skill level 7 in Long Blades
  2390 | D:4      | Found a glowing drain.
  2410 | D:4      | Reached XP level 6. HP: 39/51 MP: 5/5
  2466 | D:4      | Reached skill level 8 in Long Blades
  2490 | Sewer    | Entered a sewer
  2751 | Sewer    | Reached skill level 9 in Long Blades
  2765 | Sewer    | Reached XP level 7. HP: 48/57 MP: 6/6
  2831 | D:4      | Noticed a phantom
  2892 | D:4      | Noticed asdu's ghost (average DsWn)
  2915 | D:4      | Killed asdu's ghost
  2915 | D:4      | Reached skill level 10 in Long Blades
  2925 | D:4      | Killed a phantom
  3148 | D:4      | Noticed Robin
  3157 | D:4      | Killed Robin
  3160 | D:4      | Got a faintly humming helmet
  3163 | D:4      | Identified the +1 helmet "Wileot" {SInv} (You took it off Robin on level 4 of the Dungeon)
  3372 | D:4      | Reached skill level 11 in Long Blades
  3499 | D:5      | Entered Level 5 of the Dungeon
  3511 | D:5      | Reached XP level 8. HP: 41/64 MP: 7/7
  3652 | D:5      | Found Fokhis's Antique Weapon Boutique.
  3918 | D:5      | Noticed Blork the orc
  3927 | D:5      | Killed Blork the orc
  4164 | D:5      | Found a sparkling altar of Nemelex Xobeh.
  4321 | D:5      | Reached skill level 12 in Long Blades
  4813 | D:6      | Found a glowing silver altar of Zin.
  5148 | D:6      | Found Desuso Huaha's Assorted Antiques.
  5315 | D:7      | Reached skill level 13 in Long Blades
  5471 | D:7      | Noticed Joseph
  5492 | D:7      | Killed Joseph
  5492 | D:7      | Reached XP level 9. HP: 55/70 MP: 8/8
  5734 | D:7      | Noticed Duvessa
  5740 | D:7      | Noticed Dowan
  5756 | D:7      | Killed Duvessa
  5756 | D:7      | Reached skill level 14 in Long Blades
  5775 | D:7      | Killed Dowan
  5995 | D:7      | Noticed Menkaure
  6000 | D:7      | Killed Menkaure
  6176 | D:7      | Noticed Prince Ribbit
  6184 | D:7      | Killed Prince Ribbit
  6184 | D:7      | Reached skill level 15 in Long Blades
  6430 | D:7      | Found a staircase to the Ecumenical Temple.
  6443 | Temple   | Entered the Ecumenical Temple
  6509 | Temple   | Became a worshipper of Ru the Awakened
  6958 | D:8      | Reached skill level 16 in Long Blades
  7015 | D:8      | Noticed oplop's ghost (experienced TeFE)
  7198 | D:8      | HP: 5/105 [burnt (2)]
  7198 | D:8      | HP: 1/105 [centaur (4)]
  7199 | D:8      | Incinerated by oplop's ghost

Vault maps used:
D:1:      minmay_arrival_four_circles
D:2:      lemuel_doored_altar, uniq_crazy_yiuf_cottage, uniq_terence
D:3:      hangedman_decor_lopped
D:4:      portal_sewer_entry_a, enter_ossuary_2, uniq_robin
D:5:      first_bread, serial_shops, shop, lemuel_tele_altar, uniq_blork_the_orc
D:6:      zin_academy, kennysheep_small_square
D:7:      minmay_temple_entry_junction, uniq_duvessa, uniq_prince_ribbit1,
          uniq_menkaure, uniq_joseph
D:8:      kennysheep_mini_moat, due_lair_maze_entry_diamond
Temple:   nicolae_temple_elliptical
Sewer:    sewer_minmay_w

Action                   |  1- 3 |  4- 6 |  7- 9 || total
-------------------------+-------+-------+-------++-------
Melee: Long sword        |   102 |   234 |    65 ||   401
       Falchion          |       |       |   342 ||   342
  Use: Scroll            |       |     6 |     1 ||     7
       Potion            |       |     1 |     7 ||     8
  Eat: Chunk             |     1 |     5 |    15 ||    21
